 Dungeon Crawl Stone Soup version 0.27.1-33-g824d729ab1 (webtiles) character file.

Game seed: 771142010304075067

2 MortyMaxwell the Conjurer (level 1, -1/9 HPs)
             Began as a Vine Stalker Conjurer on Dec 10, 2021.
             Slain by a dart slug (3 damage)
             ... on level 1 of the Dungeon.
             The game lasted 00:01:45 (93 turns).

MortyMaxwell the Conjurer (Vine Stalker Conjurer)     Turns: 93, Time: 00:01:46

Health: -1/9       AC:  2    Str:  9    XL:     1   Next: 30%
Magic:  0/4        EV: 12    Int: 18    God:
Gold:   0          SH:  0    Dex: 12    Spells: 3/4 levels left

rFire    x . .     SeeInvis .   (no weapon)
rCold    + . .     Faith    .   (no shield)
rNeg     . . .     Spirit   +   a - +0 robe
rPois    .         Reflect  .   (no helmet)
rElec    .         Harm     .   (no cloak)
rCorr    .         Rampage  .   (no gloves)
Will     .....                  (no boots)
Stlth    ++........             (no amulet)
HPRegen  0.03/turn              b - ring of ice
MPRegen  0.09/turn              (no ring)

@: no status effects
A: fangs 2, magic shield, antimagic bite, no potion heal 2
a: no special abilities


You were on level 1 of the Dungeon.
You visited 1 branch of the dungeon, and saw 1 of its levels.

Inventory:

Armour
 a - a +0 robe (worn)
Jewellery
 b - a ring of ice (left hand)


   Skills:
 + Level 1.6 Dodging
 + Level 2.4 Stealth
 + Level 2.1 Spellcasting
 + Level 4.0 Conjurations


You had 3 spell levels left.
You knew the following spells:

 Your Spells              Type           Power      Damage    Failure   Level
a - Magic Dart            Conj           64%        1d6       3%          1

Your spell library contained the following spells:

 Spells                   Type           Power      Damage    Failure   Level
 Searing Ray              Conj           32%        3d4       4%          2
 Dazzling Flash           Conj/Hex       18%        N/A       22%         3
 Fulminant Prism          Conj/Hex       4%         3d6       58%         4
 Iskenderun's Mystic Bla  Conj/Tloc      9%         2d4       58%         4


Dungeon Overview and Level Annotations

Branches:
Dungeon (1/15)

Altars:


Innate Abilities, Weirdness & Mutations

You have extremely sharp teeth.
When hurt, damage is shared between your health and your magic reserves.
Your bite disrupts and absorbs the magic of your enemies.
Potions cannot restore your health.


Message History

The magic dart hits the bat.
You kill the bat!
You start resting.
A dart slug is nearby!
A dart slug is nearby!
You aren't carrying any potions.
You aren't carrying any scrolls.
The dart slug closely misses you.
You hit the dart slug.
You bite the dart slug, but do no damage.
The dart slug is lightly wounded.
You hit the dart slug.
The dart slug is lightly wounded.
The dart slug bites you.
You hit the dart slug but do no damage.
You bite the dart slug, but do no damage.
The dart slug is lightly wounded.
The dart slug bites you.
You hit the dart slug.
The dart slug is moderately wounded.
You hit the dart slug but do no damage.
The dart slug is moderately wounded.
The dart slug bites you.
* * * LOW HITPOINT WARNING * * *
You aren't carrying any scrolls. 2 jackals come into view.
Aiming: Magic Dart (safe; 3% risk of failure)
Press: ? - help, Q - select action Shift-Dir - straight line, f - jackal
Aim: a jackal (asleep, 100% to hit)
Okay, then.
Aiming: Magic Dart (safe; 3% risk of failure)
Press: ? - help, Q - select action Shift-Dir - straight line, f - dart slug
Aim: a dart slug (black smoke, lightly wounded, 100% to hit)
The magic dart hits the dart slug.
The dart slug is heavily wounded.
The dart slug launches a dart at you. The slug dart misses you.
You aren't carrying any potions.
The dart slug bites you.
You die...

#..!....## ##.##
#........ #≈.≈#
#....w..# #§.≈#
#....†.†# #§§≈#
#.......##### #§§≈#
..........†.# #§§≈#
###.....###.###§.≈#
####### #..##≈.≈#
#.....# ##.##≈@≈#
#.8.8.## #w##§w§#
#..8...###.###.##
#.8.8...##..#..#
#........##...##
#.###.⌠.⌠.#.###
#.'.#.....#.#
#.#<#..8..'.#
#.'.#.....###


You could see a dart slug.

Vanquished Creatures
  A bat (D:1)
  A frilled lizard (D:1)
  A rat (D:1)
3 creatures vanquished.

Notes
Turn   | Place    | Note
-------+----------+-------------------------------------------
     0 | D:1      | MortyMaxwell the Vine Stalker Conjurer began the quest for
                  | the Orb.
     0 | D:1      | Reached XP level 1. HP: 9/9 MP: 4/4
    93 | D:1      | Slain by a dart slug

Illustrated notes

Levels and vault maps discovered:
D:1:      ncdulo_halloftheorcs, layout_basic,
          amcnicky_mini_rare_corridor_liquid, chequers_serial_rivers_marsh,
          kennysheep_nondescript

Action                   || total
-------------------------++-------
Melee: Unarmed           ||     9
       Bite              ||     2
 Cast: Magic Dart        ||     5
Armor: Robe              ||     1
Dodge: Dodged            ||    11
